 Dungeon Sprint DCSS version 0.23-a0-38-g6d804a8 (webtiles) character file.

336 George the Carver (level 6, -3/60 HPs)
             Began as a Minotaur Fighter on Aug 5, 2018.
             Was a Follower of the Shining One.
             Slain by a troll (5 damage)
             ... in the Dungeon (Sprint IX: "|||||||||||||||||||||||||||||").
             The game lasted 00:01:25 (333 turns).

George the Carver (Minotaur Fighter)                 Turns: 333, Time: 00:01:26

Health: -3/60      AC: 15    Str: 31    XL:     6   Next: 28%
Magic:  2/8        EV:  8    Int:  5    God:    the Shining One [*.....]
Gold:   0          SH: 11    Dex:  9    Spells: 5/5 levels left

rFire    . . .     SeeInvis .   q - +2 scimitar (slice)
rCold    . . .     Gourm    .   c - +0 shield
rNeg     . . .     Faith    .   r - +0 plate armour
rPois    .         Spirit   .   (helmet restricted)
rElec    .         Reflect  .   l - +0 cloak
rCorr    .         Harm     .   (no gloves)
MR       .....     NoTele   +   a - +0 pair of boots
Stlth    ..........             (no amulet)
HPRegen  0.20/turn              b - +3 ring of strength
MPRegen  0.11/turn              (no ring)

@: mighty, berserk cooldown, slowed, glowing, very slow
A: retaliatory headbutt, horns 2
a: Renounce Religion


You were in the Dungeon.
You worshipped the Shining One.
The Shining One was aware of your devotion.
You were not hungry.

You visited 1 branch

Inventory:

Hand Weapons
 p - a +2 rapier of venom
 q - a +2 scimitar of slicing (weapon)
Armour
 a - a +0 pair of boots (worn)
 c - a +0 shield (worn)
 l - a +0 cloak (worn)
 r - a +0 plate armour (worn)
Jewellery
 b - a +3 ring of strength (left hand)
Wands
 o - a wand of iceblast (10)
Scrolls
 k - 2 scrolls of blinking
 m - 3 scrolls of remove curse
 n - 2 scrolls of amnesia
Potions
 e - 5 potions of curing
 g - 3 potions of heal wounds
 h - a potion of haste
 i - 4 potions of magic
Comestibles
 f - a ration


   Skills:
 + Level 7.2 Fighting
 * Level 9.1 Long Blades
 + Level 7.1 Armour
 + Level 5.4 Dodging
 + Level 7.2 Shields
 + Level 4.0 Invocations


You had 5 spell levels left.
You didn't know any spells.
Your spell library was empty.

Dungeon Overview and Level Annotations

Branches:
Dungeon (1/1)

Altars:
Cheibriados
Dithmenos
Elyvilon
Fedhas
Gozag
Hepliaklqana
Kikubaaqudgha
Makhleb
Nemelex Xobeh
Okawaru
Qazlal
Ru
Sif Muna
Trog
Uskayaw
Vehumet
Wu Jian
Xom
Yredelemnul
Zin
The Shining One
Beogh
Jiyva
Lugonu


Innate Abilities, Weirdness & Mutations

You reflexively headbutt those who attack you in melee.
You have a pair of horns on your head.


Message History

The troll is severely wounded.
The troll bites you but does no damage. You block the troll's attack. x2
The troll bites you! The troll claws you!
* * * LOW HITPOINT WARNING * * *
The troll claws you but does no damage.
Okay, then.
Your shield and plate armour prevent you from hitting the troll.
The troll is severely wounded.
The troll bites you but does no damage. The troll claws you.
* * * LOW HITPOINT WARNING * * *
The troll claws you!
* * * LOW HITPOINT WARNING * * *
Evoke which item? (* to show all) (? for menu, Esc to quit)
Okay, then.
You feel very mighty all of a sudden. The troll closely misses you.
The troll claws you but does no damage. The troll claws you.
* * * LOW HITPOINT WARNING * * *
The troll bites you.
You die...

▓+▓
▓.▓
▓.▓
▓Z▓
▓T▓
▓O▓
▓T▓
▓@▓
▓=▓
▓.▓
▓[▓
▓.▓
▓.▓
▓)▓
▓|▓
▓.▓


You could see 2 trolls, an ogre and a bat zombie.

Vanquished Creatures
  A troll (D)
  A centaur (D)
  A crimson imp (D)
  An adder (D)
  A dart slug (D)
  A leopard gecko (D)
  A bat skeleton (D)
  A bat zombie (D)
  A goblin (D)
  A hobgoblin (D)
  A quokka (D)
  A rat (D)
12 creatures vanquished.

Notes
Turn   | Place    | Note
-------+----------+-------------------------------------------
     0 | D        | George the Minotaur Fighter began the quest for the Orb.
     0 | D        | Reached XP level 1. HP: 19/19 MP: 0/0
    16 | D        | Reached skill level 3 in Long Blades
    16 | D        | Reached skill level 1 in Dodging
    23 | D        | Reached XP level 2. HP: 23/27 MP: 1/1
    63 | D        | Noticed a crimson imp
    72 | D        | Reached skill level 4 in Long Blades
    82 | D        | Killed a crimson imp
    82 | D        | Reached skill level 5 in Fighting
    82 | D        | Reached skill level 5 in Long Blades
    82 | D        | Reached skill level 5 in Armour
    82 | D        | Reached skill level 5 in Shields
    82 | D        | Reached XP level 3. HP: 19/36 MP: 2/2
   246 | D        | Found a roughly hewn altar of Beogh.
   246 | D        | Found a snail-covered altar of Cheibriados.
   246 | D        | Found a shadowy altar of Dithmenos.
   246 | D        | Found a white marble altar of Elyvilon.
   246 | D        | Found a blossoming altar of Fedhas.
   246 | D        | Found an opulent altar of Gozag.
   247 | D        | Found a hazy altar of Hepliaklqana.
   248 | D        | Found a viscous altar of Jiyva.
   249 | D        | Found an ancient bone altar of Kikubaaqudgha.
   250 | D        | Found a corrupted altar of Lugonu.
   251 | D        | Found a burning altar of Makhleb.
   252 | D        | Found a sparkling altar of Nemelex Xobeh.
   253 | D        | Found an iron altar of Okawaru.
   254 | D        | Found a stormy altar of Qazlal.
   255 | D        | Found a sacrificial altar of Ru.
   256 | D        | Found a deep blue altar of Sif Muna.
   257 | D        | Found a bloodstained altar of Trog.
   258 | D        | Found a hide-covered altar of Uskayaw.
   259 | D        | Found a radiant altar of Vehumet.
   260 | D        | Found an ornate altar of the Wu Jian Council.
   261 | D        | Found a shimmering altar of Xom.
   262 | D        | Found a basalt altar of Yredelemnul.
   263 | D        | Found a glowing silver altar of Zin.
   264 | D        | Found a glowing golden altar of the Shining One.
   272 | D        | Became a worshipper of the Shining One
   318 | D        | Noticed a troll
   318 | D        | Noticed an ogre
   318 | D        | Reached * piety under the Shining One
   318 | D        | Noticed a troll
   318 | D        | Noticed a centaur
   318 | D        | Noticed a troll
   325 | D        | Killed a troll
   325 | D        | Reached skill level 8 in Long Blades
   325 | D        | Reached XP level 4. HP: 45/45 MP: 2/5
   325 | D        | Reached XP level 5. HP: 51/51 MP: 2/6
   328 | D        | Killed a centaur
   328 | D        | Reached skill level 9 in Long Blades
   328 | D        | Reached skill level 5 in Dodging
   328 | D        | Reached XP level 6. HP: 60/60 MP: 2/8
   333 | D        | HP: 2/60 [troll (6)]
   333 | D        | Slain by a troll

Vault maps used:
D:        linesprint

Skill      XL: |  1  2  3  4  5 |
---------------+----------------+-----
Long Blades    | 3 5 8 9 |  9.1
Dodging        | 1 2 4 5 |  5.4
Shields        | 4 5 6 7 |  7.2
Armour         | 4 5 6 7 |  7.1
Fighting       | 4 5 6 7 |  7.2
Invocations    | 3 4 |  4.0

Action                   |  1- 3 |  4- 6 || total
-------------------------+-------+-------++-------
Melee: Long sword        |    33 |       ||    33
       Headbutt          |     5 |       ||     5
       Scimitar          |     6 |     6 ||    12
  Use: Potion            |     1 |     1 ||     2
Armor: Scale mail        |     7 |       ||     7
       Plate armour      |     6 |     5 ||    11
Dodge: Dodged            |    10 |     3 ||    13
Block: Shield            |    29 |     4 ||    33
       Rpst.: Long sword |     5 |       ||     5

Table legend:
 A = Spawn XP
 B = Non-spawn XP
 C = Spawn XP percentage of total XP
 D = Spawn monster count
 E = Non-spawn monster count
 F = Spawn count percentage of total count
 G = Total turns spent on level
                    A         B        C        D         E        F      G
               +---------+---------+-------+---------+---------+-------+---------
         Total |       0 |     480 |   0.0 |       0 |      12 |   0.0 |   333
               +---------+---------+-------+---------+---------+-------+---------
             D |       0 |     480 |   0.0 |       0 |      12 |   0.0 |   333
               +---------+---------+-------+---------+---------+-------+---------
